AoeStats
← [ KOF ] M. Kowalski

Arena

509975195Analyzed
1v1 RM · 2d ago on Sep 28, 2026· 27m 58s· 2 players
Game mode
Random Map
Map size
Tiny (2 player)
Population
200
Speed
Normal
Resources
Standard
Victory
Conquest
Starting age
Dark Age
Ending age
Imperial Age
RankedLock teamsTeams togetherTeam positionsShared explorationLock speedFull tech treeHidden civsTurbo modeCheats
Victory
Defeat
🇦🇷 Turks · Argentina
1101
+16
🇺🇸 Malians · United States
1096
-16
CTC boohoodman
10:44 Feudal Age
14:33 Castle Age
14:13 Loom
15:22 Gold Mining
24:45 Imperial Age
[ KOF ] M. Kowalski
5:05 Loom
11:48 Feudal Age
12:20 Town Watch
15:31 Castle Age
14:08 Double-Bit Axe
14:16 Gold Mining
22:36 Fletching
Connection lost

Rejoining the realm…

Still unreachable

The connection could not be restored.

Session expired

The server has moved on; the page needs a fresh start.